 Dungeon Crawl Stone Soup version 0.27.1-33-g824d729ab1 (webtiles) character file.

Game seed: 16491939490737727765

177 DemonSlayer the Chopper (level 5, 0/49 HPs)
             Began as a Tengu Berserker on Nov 28, 2021.
             Was a Priest of Trog.
             Slain by a mummy (9 damage)
             ... in an ossuary.
             The game lasted 00:10:50 (3061 turns).

DemonSlayer the Chopper (Tengu Berserker)           Turns: 3061, Time: 00:10:51

Health: 0/49       AC: 11    Str: 17    XL:     5   Next: 57%
Magic:  6/6        EV: 10    Int:  7    God:    Trog [***...]
Gold:   44         SH:  9    Dex: 17    Spells: 4/4 levels left

rFire    . . .     SeeInvis .   a - +0 hand axe
rCold    . . .     Faith    .   e - +0 buckler
rNeg     + . .     Spirit   .   d - +0 plate armour
rPois    .         Reflect  +   (helmet restricted)
rElec    .         Harm     .   (no cloak)
rCorr    .         Rampage  .   (no gloves)
Will     ++...                  (boots unavailable)
Stlth    ..........             n - amulet "Batotzo" {Reflect rN+ Str-2 Dex+4 Slay+2 SH+5}
HPRegen  1.16/turn              i - +4 ring of evasion
MPRegen  0.10/turn              (no ring)

@: berserking, marked, strong-willed (expiring), flying quickly and evasively,
regenerating (expiring), very quick
A: beak, talons 3, nimble flight
a: Renounce Religion, Berserk, Trog's Hand


You were in an ossuary.
You worshipped Trog.
Trog was most pleased with you.
You visited 1 branch of the dungeon, and saw 4 of its levels.
You also visited: Ossuary.

You collected 124 gold pieces.
You spent 80 gold pieces at shops.

Inventory:

Hand Weapons
 a - a +0 hand axe (weapon)
Armour
 d - a +0 plate armour (worn)
 e - a +0 buckler (worn)
Jewellery
 i - a +4 ring of evasion (left hand)
 n - the amulet "Batotzo" (around neck) {Reflect rN+ Str-2 Dex+4 Slay+2 SH+5}
   (You acquired it on level 4 of the Dungeon)

   [amulet of reflection]

   It reflects blocked missile attacks.
   Str:       It affects your strength (-2).
   Dex:       It affects your dexterity (+4).
   Slay:      It affects your accuracy & damage with ranged weapons and melee
   (+2).
   rN:        It protects you from negative energy.
   SH:        It affects your SH (+5).
Scrolls
 c - 3 scrolls of noise {unknown}
 f - a scroll of silence
 k - a scroll of vulnerability
 m - a scroll of torment
 p - a scroll of holy word
Potions
 b - 2 potions of brilliance {unknown}
 g - a potion of might {unknown}
 h - 2 potions of haste {unknown}
 j - a potion of berserk rage {unknown}
 l - 6 potions of curing
 o - a potion of magic {unknown}


   Skills:
 + Level 4.2 Fighting
 + Level 4.5 Axes
 + Level 3.2 Armour
 + Level 2.7 Dodging
 + Level 1.2 Shields


You had 4 spell levels left.
You didn't know any spells.
Your spell library was empty.

Dungeon Overview and Level Annotations

Branches:
Dungeon (4/15)            Ossuary (1/1)
 Temple: D:4-7

Altars:
Elyvilon
Vehumet

Shops:
D:2 *   D:3 !   D:4 ?

Annotations:
Ossuary Menkaure


Innate Abilities, Weirdness & Mutations

You have a beak for a mouth.
You have claws for feet.
Your magical nature lets you fly swiftly and evasively.


Message History

You barely miss the mummy. Your kick misses the mummy. You peck the mummy.
The mummy is lightly damaged.
The mummy hits you.
Menkaure, Prince of Dust comes into view.
You hit the mummy. You claw the mummy.
The mummy is heavily damaged.
The mummy misses you.
You barely miss the mummy.
The mummy is heavily damaged.
You hit the mummy. You block the mummy's attack.
Your skin crawls.
You feel strong-willed. The mummy hits you but does no damage.
You hit the mummy. You claw the mummy.
The mummy is almost destroyed.
You completely miss the mummy.
Menkaure calls on the powers of darkness!
Your body is wracked with pain!
You block the mummy's attack.
A red film seems to cover your vision as you go berserk!
You feel yourself moving faster!
You feel mighty! The mummy hits you but does no damage.
Menkaure calls on the powers of darkness!
Your body is wracked with pain!
You barely miss the mummy. Your kick misses the mummy.
The mummy is almost destroyed.
You hit the mummy. x2; You block the mummy's attack.
You barely miss the mummy. You claw the mummy.
You destroy the mummy!
Trog accepts your kill.
You hit the mummy. x2
You feel the effects of Trog's Hand fading.
You block the mummy's attack. The mummy barely misses you.
You slice the gnoll skeleton!!
You destroy the gnoll skeleton!
Trog accepts your kill.
You slash the mummy! You closely miss the mummy. Menkaure hits you!
* * * LOW HITPOINT WARNING * * *
The mummy hits you!
You die...

##..##..####..##..##
##..##..######..##..#
##..##..##....##..##..
##..##^.##..##..##..##.
##..##..##..####..##..##
##..##..##..## ##..##..#
##..##..##M.## ##.^##..
##..##..##M.## ##..##.
##^.##..##.@## ##..##
##..##..##.M## ##..#
##..##..##..# ##.. ##..##..##..#
##. ##..##..##... ##
##..##..#########################
#..##............................
..###############################
.................................


You could see Menkaure and 2 mummies.

Vanquished Creatures
  A jelly (D:4)
  A mummy (Ossuary)
  5 adders
  A worm (D:3)
  3 orcs (D:4)
  5 endoplasms
  3 giant cockroaches
  3 gnoll zombies (Ossuary)
  9 goblins
  4 hobgoblins
  3 kobolds
  2 quokkas
  3 ball pythons
  4 bats
  4 frilled lizards
  3 gnoll skeletons (Ossuary)
  A goblin skeleton (Ossuary)
  6 goblin zombies (Ossuary)
  3 hobgoblin skeletons (Ossuary)
  4 hobgoblin zombies (Ossuary)
  6 kobold skeletons (Ossuary)
  3 kobold zombies (Ossuary)
  6 orc skeletons (Ossuary)
  4 orc zombies (Ossuary)
  2 rats
  4 rat skeletons (Ossuary)
  4 rat zombies (Ossuary)
97 creatures vanquished.

Notes
Turn   | Place    | Note
-------+----------+-------------------------------------------
     0 | D:1      | DemonSlayer the Tengu Berserker began the quest for the
                  | Orb.
     0 | D:1      | Reached XP level 1. HP: 14/14 MP: 2/2
    47 | D:1      | Found a faded altar of an unknown god.
   218 | D:1      | Reached XP level 2. HP: 19/19 MP: 3/3
   698 | D:2      | Reached XP level 3. HP: 24/24 MP: 4/4
  1036 | D:2      | Found Gojoh's Assorted Antiques.
  1042 | D:2      | Bought a viscous blue potion for 16 gold pieces
  1042 | D:2      | Bought a viscous blue potion for 16 gold pieces
  1042 | D:2      | Bought a scroll labelled VAICRIST TAWUO for 18 gold pieces
  1054 | D:2      | Reached ** piety under Trog
  1585 | D:3      | Reached XP level 4. HP: 29/29 MP: 5/5
  2038 | D:3      | Found Ridaj's Distillery.
  2046 | D:3      | Bought a potion of curing for 30 gold pieces
  2119 | D:3      | Found a radiant altar of Vehumet.
  2385 | D:4      | Identified a scroll of acquirement
  2389 | D:4      | Acquired the amulet "Batotzo" {Reflect rN+ Str-2 Dex+4
                  | Slay+2 SH+5}
  2444 | D:4      | Found Judoa's Magic Scroll Shop.
  2473 | D:4      | Found a white marble altar of Elyvilon.
  2539 | D:4      | Reached skill level 1 in Shields
  2539 | D:4      | Gained mutation: Your magical nature lets you fly swiftly
                  | and evasively. [Tengu growth]
  2539 | D:4      | Reached XP level 5. HP: 22/33 MP: 6/6
  2709 | D:4      | Found a sand-covered staircase.
  2717 | Ossuary  | Entered an ossuary
  2856 | Ossuary  | Reached *** piety under Trog
  3052 | Ossuary  | Noticed Menkaure
  3061 | Ossuary  | Slain by a mummy

Illustrated notes

Levels and vault maps discovered:
D:1:      amcnicky_arrival_feature_with_door, layout_rooms,
          basic_ecumenical_altar, item_on_display_a
D:2:      layout_loops_corners, serial_shops, nicolae_shop_crystal
D:3:      layout_loops_ring, mainiacjoe_overflow_alcove_2, serial_shops,
          nicolae_square_shop
D:4:      layout_gridville, elyvilon_altar_4, nicolae_ossuary_entry_plus,
          serial_rivers, chequers_serial_rivers_micro_b,
          chequers_serial_rivers_marsh, chequers_serial_rivers_marsh,
          chequers_serial_rivers_micro_b, chequers_serial_rivers_room_b,
          chequers_serial_rivers_micro_b, serial_shops, shop
Ossuary:  ossuary_due_pyramid

Skill      XL: |  1  2  3  4 |
---------------+-------------+-----
Fighting       | 4 |  4.2
Axes           | 4 |  4.5
Armour         | 3 |  3.2
Shields        | 1 |  1.2
Dodging        | |  2.7

Action                   |  1- 3 |  4- 6 || total
-------------------------+-------+-------++-------
Melee: Hand axe          |    61 |   130 ||   191
       Kick              |    15 |    42 ||    57
       Peck              |     5 |    19 ||    24
Invok: Berserk           |     1 |     2 ||     3
       Trog's Hand       |       |     1 ||     1
  Use: Scroll            |       |     6 ||     6
Armor: Plate armour      |    29 |    32 ||    61
       Animal skin       |     1 |       ||     1
Dodge: Dodged            |    26 |    46 ||    72
Block: Buckler           |     7 |    36 ||    43
